AoeStats
← ed_lfc

Arabia

509591330Analyzed
1v1 RM · 6d ago on Sep 27, 2026· 50m 12s· 2 players
Game mode
Random Map
Map size
Tiny (2 player)
Population
200
Speed
Normal
Resources
Standard
Victory
Conquest
Starting age
Dark Age
Ending age
Imperial Age
RankedLock teamsTeams togetherTeam positionsShared explorationLock speedFull tech treeHidden civsTurbo modeCheats
Victory
Defeat
🇬🇧 Mongols · United Kingdom
1272
+14
🇩🇪 Burgundians · Germany
1229
-14
FETTMANN
3:45 Double-Bit Axe
5:41 Loom
8:52 Feudal Age
11:10 Horse Collar
16:52 Gold Mining
19:17 Castle Age
17:25 Scale Barding Armor
18:32 Forging
20:30 Gold Shaft Mining
20:09 Bow Saw
20:37 Chain Barding Armor
22:02 Wheelbarrow
23:12 Iron Casting
22:50 Cavalier
23:58 Husbandry
24:40 Town Watch
32:01 Imperial Age
31:19 Scale Mail Armor
33:42 Hand Cart
46:16 Plate Barding Armor
46:41 Blast Furnace
46:58 Elite Coustillier
48:32 Town Patrol
ed_lfc
8:18 Feudal Age
8:44 Loom
9:58 Double-Bit Axe
11:08 Horse Collar
13:45 Wheelbarrow
16:48 Gold Mining
20:07 Castle Age
19:11 Scale Barding Armor
19:17 Bloodlines
20:20 Forging
21:21 Chain Barding Armor
21:28 Bow Saw
24:20 Town Watch
24:45 Husbandry
26:35 Iron Casting
29:55 Heavy Plow
39:15 Hand Cart
39:37 Stone Mining
40:23 Gold Shaft Mining
42:08 Stone Shaft Mining
45:27 Imperial Age
43:52 Fletching
44:25 Ballistics
44:16 Masonry
45:07 Bodkin Arrow
45:32 Elite Steppe Lancer
47:13 Blast Furnace
47:19 Chemistry
47:14 Elite Mangudai
48:15 Conscription
48:47 Drill
49:13 Bracer
49:14 Padded Archer Armor
50:50 Leather Archer Armor
50:09 Capped Ram
Connection lost

Rejoining the realm…

Still unreachable

The connection could not be restored.

Session expired

The server has moved on; the page needs a fresh start.